 Seeded DCSS version 0.28-a0-1506-g3893175d92 (webtiles) character file.

Game seed: 759471176321562610 (custom seed)

4 riojii the Sneak (level 1, 9/10 HPs)
             Began as a Vampire Enchanter on Jan 13, 2022.
             Quit the game on level 1 of the Dungeon.
             The game lasted 00:01:07 (315 turns).

riojii the Sneak (Vampire Enchanter)                 Turns: 315, Time: 00:01:08

Health: 9/10       AC:  2    Str:  5    XL:     1   Next: 50%
Magic:  3/3        EV: 12    Int: 17    God:
Gold:   0          SH:  0    Dex: 14    Spells: 4/4 levels left

rFire   . . .      SeeInvis +   a - +1 dagger
rCold   + + .      Faith    .   (no shield)
rNeg    + + +      Spirit   .   b - +0 robe
rPois   ∞          Reflect  .   (no helmet)
rElec   .          Harm     .   (no cloak)
rCorr   .          Rampage  .   (no gloves)
Will    .....                   (no boots)
Stlth   +++++.....              (no amulet)
HPRegen 0.03/turn               (no ring)
MPRegen 0.08/turn               (no ring)

@: bloodless
A: bloodless, fangs 3, see invisible, vampiric 1, mutation resistance 1, weak 1,
sturdy frame 1
a: Revivify


You were on level 1 of the Dungeon.
You visited 1 branch of the dungeon, and saw 1 of its levels.

Inventory:

Hand Weapons
 a - a +1 dagger (weapon)
Armour
 b - a +0 robe (worn)
Potions
 c - a potion of invisibility


   Skills:
 + Level 1.2 Short Blades
 + Level 2.2 Dodging
 * Level 4.5 Stealth
 + Level 2.0 Spellcasting
 * Level 4.5 Hexes


You had 4 spell levels left.
You didn't know any spells.
Your spell library contained the following spells:

 Spells                   Type           Power      Damage    Failure   Level
 Confusing Touch          Hex            17%        N/A       9%          3
 Tukima's Dance           Hex            17%        N/A       9%          3
 Ensorcelled Hibernation  Hex/Ice        18%        N/A       12%         2
 Dazzling Flash           Conj/Hex       18%        N/A       22%         3


Dungeon Overview and Level Annotations

Branches:
Dungeon (1/15)

Altars:


Innate Abilities, Weirdness & Mutations

You do not regenerate when monsters are visible.
You are frail without blood (-20% HP).
You can heal yourself when you bite living creatures.
You are immune to poison.
You have razor-sharp teeth.
You have supernaturally acute eyesight. (SInv)
You are afflicted with vampirism.
You are somewhat resistant to further mutation.
You are weak. (Str -2)
Your movements are slightly less encumbered by armour. (ER -2)


Message History

An endoplasm comes into view.
A giant cockroach comes into view.
The helpless giant cockroach fails to defend itself.
You puncture the giant cockroach!
You kill the giant cockroach!
Found a fizzy blue potion.
You hit the endoplasm.
The endoplasm is moderately wounded.
The endoplasm barely misses you.
You hit the endoplasm.
The endoplasm is severely wounded.
The endoplasm misses you.
You hit the endoplasm. Your bite misses the endoplasm.
The endoplasm is almost dead.
The endoplasm misses you.
You hit the endoplasm but do no damage.
The endoplasm is almost dead.
The endoplasm closely misses you.
You hit the endoplasm.
You kill the endoplasm!
No target in view!
No target in view!
No target in view!
No target in view!
No target in view!
d - a fizzy blue potion
Found 22 sling bullets.
Found a stone staircase leading down.
Found a gold piece.
Found 2 fizzy blue potions.
d - 3 fizzy blue potions (gained 2) It was a potion of mutation.
You feel extremely strange.
You feel stronger.
You feel extremely strange.
You feel weaker.
You feel frail. A pair of antennae grows on your head!
You feel extremely strange. The antennae on your head shrink away.
You feel robust.
You feel less encumbered by your armour.
You feel genetically stable.
You feel weaker.
Are you sure you want to abandon this character and quit the game? (Confirm with "yes".)

#. ##############.
#.............( #
#.##........##.
##.####.##........##.
#...@.............##.
#######.#.........##.
#....................
##.####.#............
......##...####.
###.##+#..#..#### #..
....>......
#......###.####
##$....# .###.


There were no monsters in sight!

Vanquished Creatures
  2 endoplasms (D:1)
  A giant cockroach (D:1)
3 creatures vanquished.

Notes
Turn   | Place    | Note
-------+----------+-------------------------------------------
     0 | D:1      | riojii the Vampire Enchanter began the quest for the Orb.
     0 | D:1      | Reached XP level 1. HP: 13/13 MP: 3/3
   312 | D:1      | Gained mutation: Your muscles are strong. (Str +2) [potion
                  | of mutation]
   313 | D:1      | Lost mutation: Your muscles are strong. (Str +2) [potion of
                  | mutation]
   313 | D:1      | Gained mutation: You are frail. (-10% HP) [potion of
                  | mutation]
   313 | D:1      | Gained mutation: You have a pair of small antennae on your
                  | head. [potion of mutation]
   314 | D:1      | Lost mutation: You have a pair of small antennae on your
                  | head. [potion of mutation]
   314 | D:1      | Lost mutation: You are frail. (-10% HP) [potion of
                  | mutation]
   314 | D:1      | Gained mutation: Your movements are slightly less
                  | encumbered by armour. (ER -2) [potion of mutation]
   314 | D:1      | Gained mutation: You are somewhat resistant to further
                  | mutation. [potion of mutation]
   314 | D:1      | Gained mutation: You are weak. (Str -2) [potion of
                  | mutation]
   315 | D:1      | Quit the game

Illustrated notes

Levels and vault maps discovered:
D:1:      dpeg_arrival_rooms_c, layout_basic

Action                   || total
-------------------------++-------
Melee: Dagger            ||     9
       Bite              ||     1
 Abil: Exsanguinate      ||     1
  Use: Potion            ||     3
 Stab: Sleeping          ||     1
Dodge: Dodged            ||     4

Table legend: (Time is in decaauts)
 A = Elapsed time spent in this place.
 B = Non-inter-level travel time spent in this place.
 C = Inter-level travel time spent in this place.
 D = Time resting spent in this place.
 E = Time spent auto-exploring this place.
 F = Levels seen in this place.
 G = Mean time per level.
                   A        B        C        D        E       F      G
               +--------+--------+--------+--------+--------+-----+--------+
         Total |    314 |    314 |      0 |      0 |    234 |   1 |  314.0 |
       Dungeon |    314 |    314 |      0 |      0 |    234 |   1 |  314.0 |
               +--------+--------+--------+--------+--------+-----+--------+

Top non-repeatable levels by time:
     D:1: 314 daAuts
